 Dungeon Crawl Stone Soup version 0.30.0-5-g1a98f26d00 (webtiles) character file.

Game seed: 7809132828082467534

88 firemarshallily the Ducker (level 4, 0/34 HPs)
             Began as a Gnoll Wanderer on May 8, 2023.
             Killed by divine providence
             ... invoked by an orc priest
              (8 damage)
             ... on level 3 of the Dungeon.
             The game lasted 00:07:52 (2220 turns).

firemarshallily the Ducker (Gnoll Wanderer)         Turns: 2220, Time: 00:07:53

Health: 0/34       AC:  5    Str: 15    XL:     4   Next: 54%
Magic:  6/8        EV: 13    Int: 10    God:
Gold:   8          SH:  0    Dex: 11    Spells: 8/9 levels left

rFire   . . .        a - +0 hand axe
rCold   . . .        (no shield)
rNeg    . . .        d - +0 leather armour
rPois   .            u - +0 helmet
rElec   .            (no cloak)
rCorr   .            (no gloves)
SInv    .            b - +0 pair of boots
Will    .....        (no amulet)
Stlth   +            (no ring)
HPRegen 0.25/turn    (no ring)
MPRegen 0.11/turn

%: no passive effects
@: no status effects
A: fangs 1, strong nose, distributed training
a: no special abilities


You were on level 3 of the Dungeon.
You visited 1 branch of the dungeon, and saw 3 of its levels.

You collected 78 gold pieces.
You spent 70 gold pieces at shops.

Inventory:

Hand Weapons
 a - a +0 hand axe (weapon)
Missiles
 t - 4 boomerangs of dispersal
Armour
 b - a +0 pair of boots (worn)
 d - a +0 leather armour (worn)
 u - a +0 helmet (worn)
Scrolls
 f - 4 scrolls of identify {unknown}
 g - 5 scrolls of teleportation
 l - a scroll of poison {unknown}
 m - a scroll of blinking {unknown}
 n - a scroll of noise {unknown}
 o - a scroll of enchant weapon {unknown}
 p - a scroll of fear
 r - a scroll of torment {unknown}
 s - a scroll of magic mapping {unknown}
Potions
 c - a potion of attraction
 e - 2 potions of lignification {unknown}
 h - a potion of curing {unknown}
 i - a potion of haste {unknown}
 j - a potion of resistance {unknown}
 k - a potion of flight {unknown}
 q - 2 potions of degeneration {unknown}


   Skills:
 + Level 2.8 Fighting
 + Level 1.2 Short Blades
 + Level 1.2 Long Blades
 + Level 2.8 Axes
 + Level 1.2 Maces & Flails
 + Level 1.2 Polearms
 + Level 1.2 Staves
 + Level 1.2 Ranged Weapons
 + Level 2.8 Throwing
 + Level 1.2 Armour
 + Level 6.6 Dodging
 + Level 1.2 Stealth
 + Level 1.2 Shields
 + Level 1.2 Unarmed Combat
 + Level 3.0 Spellcasting
 + Level 1.0 Conjurations
 + Level 1.0 Hexes
 + Level 5.5 Summonings
 + Level 1.0 Necromancy
 + Level 1.0 Translocations
 + Level 1.0 Transmutations
 + Level 1.0 Fire Magic
 + Level 1.0 Ice Magic
 + Level 1.0 Air Magic
 + Level 1.0 Earth Magic
 + Level 1.0 Poison Magic
 + Level 1.3 Invocations
 + Level 1.2 Evocations


You had 8 spell levels left.
You knew the following spells:

 Your Spells              Type           Power      Damage    Failure   Level
a - Summon Small Mammal   Summ           48%        N/A       3%          1

Your spell library contained the following spells:

 Spells                   Type           Power      Damage    Failure   Level
 Call Canine Familiar     Summ           12%        N/A       11%         3
 Slow                     Hex            12%        N/A       22%         1
 Summon Guardian Golem    Hex/Summ       8%         N/A       26%         3
 Confusing Touch          Hex            3%         N/A       56%         3
 Vampiric Draining        Necr           3%         2d6       56%         3
 Animate Armour           Summ/Erth      16%        N/A       65%         4


Dungeon Overview and Level Annotations

Branches:
Dungeon (3/15)

Altars:

Shops:
D:2 ??


Innate Abilities, Weirdness & Mutations

You have very sharp teeth.
Your uncanny sense of smell can sniff out nearby items.
Your experience applies equally to all skills.


Message History

Your quokka misses the rat. The rat completely misses you.
Your quokka bites the rat.
The rat dies!
You start putting on your armour.
You continue putting on your +0 helmet.
Your bat disappears in a puff of smoke!
You continue putting on your +0 helmet. x3
You finish putting on your +0 helmet.
Your quokka disappears in a puff of smoke!
A quokka comes into view.
The quokka moves out of view.
You hit the quokka but do no damage. The quokka barely misses you.
You hit the quokka.
You kill the quokka!
You see here a quokka corpse.
An orc priest comes into view. It is wielding a +0 whip.
The orc priest shouts!
You hear a shout!
You hear an angry hiss.
A frilled lizard comes into view.
You hear a shout! 2 orcs and an orc priest come into view.
The orc shouts!
The orc priest shouts!
Casting: Summon Small Mammal (safe; 3% risk of failure)
Confirm with . or Enter, or press ? or * to list all spells.
The orc shouts!
Casting: Summon Small Mammal (safe; 3% risk of failure)
Confirm with . or Enter, or press ? or * to list all spells.
The orc priest mumbles some strange prayers to Beogh against you.
Beogh smites you!
The orc priest mumbles some strange prayers to Beogh against you.
Beogh smites you!
Ouch! That really hurt!
* * * LOW HITPOINT WARNING * * *
The orc priest hits your quokka with a +0 whip.
Your quokka dies!
Your quokka's corpse disappears in a puff of smoke!
Your quokka bites the orc priest.
Your quokka bites the orc priest.
The orc priest looks encouraged for a moment.
The orc priest calls down the wrath of Beogh upon you.
Beogh smites you!
You die...

#.######.# .......## ....
.........#...#.....# ...#∆#.
.......#.#...#..#..# ...#...
..####.#............ .......
...................##ol...#.
r...†...............o.......
#..###.#.#.....# #.ro#
#..###.........###.#.#
#........#......@....#
#..###.#.#.....###.#.......
#..###.#....#..# #†#.......
.......####.#..# #.#.#.#.##
#..###.........# ....#.# # .
#.##.#.##.#.#.#.###
#................
...#.####.....#... ##.## #
#.#.#.. ###


You could see 2 orc priests, an orc, a frilled lizard and a friendly quokka
(summoned).

Vanquished Creatures
  Terence (D:2)
  A dart slug (D:1)
  A ball python (D:1)
  2 endoplasms (D:2)
  4 giant cockroaches
  3 hobgoblins
  3 jackals (D:2)
  2 kobolds
  A quokka (D:3)
  4 bats
  7 goblins
  2 rats
31 creatures vanquished.

Vanquished Creatures (collateral kills)
  An adder (D:2)
  A worm (D:2)
  A ball python (D:1)
  2 goblins (D:1)
  2 hobgoblins
  A jackal (D:2)
  2 bats
  A kobold (D:1)
  4 rats
15 creatures vanquished.

Grand Total: 46 creatures vanquished

Notes
Turn   | Place    | Note
-------+----------+-------------------------------------------
     0 | D:1      | firemarshallily the Gnoll Wanderer began the quest for the
                  | Orb.
     0 | D:1      | firemarshallily set off with the following items: a +0 hand
                  | axe, a +0 pair of boots, a potion of attraction, a +0
                  | leather armour; and the following spell memorised: Summon
                  | Small Mammal; and the following spells available to
                  | memorise: Summon Guardian Golem, Animate Armour.
     0 | D:1      | Reached XP level 1. HP: 17/17 MP: 4/4
   196 | D:1      | Reached XP level 2. HP: 18/23 MP: 1/5
   455 | D:1      | Reached XP level 3. HP: 27/28 MP: 5/7
  1122 | D:2      | Reached skill level 1 in Invocations
  1240 | D:2      | Noticed Terence
  1266 | D:2      | Killed Terence
  1267 | D:2      | Reached skill level 1 in Short Blades
  1267 | D:2      | Reached skill level 1 in Long Blades
  1267 | D:2      | Reached skill level 1 in Maces & Flails
  1267 | D:2      | Reached skill level 1 in Polearms
  1267 | D:2      | Reached skill level 1 in Staves
  1267 | D:2      | Reached skill level 1 in Ranged Weapons
  1267 | D:2      | Reached skill level 1 in Armour
  1267 | D:2      | Reached skill level 1 in Stealth
  1267 | D:2      | Reached skill level 1 in Shields
  1267 | D:2      | Reached skill level 1 in Unarmed Combat
  1267 | D:2      | Reached skill level 1 in Evocations
  1267 | D:2      | Reached XP level 4. HP: 12/34 MP: 5/8
  1437 | D:2      | Found Qemeja's Magic Scroll Emporium.
  1470 | D:2      | Bought a scroll of teleportation for 30 gold pieces
  1470 | D:2      | Bought a scroll of fear for 40 gold pieces
  1695 | D:2      | Found Ynkeaneatt's Magic Scroll Shoppe.
  1985 | D:2      | Reached skill level 1 in Conjurations
  1985 | D:2      | Reached skill level 1 in Hexes
  1985 | D:2      | Reached skill level 1 in Necromancy
  1985 | D:2      | Reached skill level 1 in Translocations
  1985 | D:2      | Reached skill level 1 in Transmutations
  1985 | D:2      | Reached skill level 1 in Fire Magic
  1985 | D:2      | Reached skill level 1 in Ice Magic
  1985 | D:2      | Reached skill level 1 in Air Magic
  1985 | D:2      | Reached skill level 1 in Earth Magic
  1985 | D:2      | Reached skill level 1 in Poison Magic
  2220 | D:3      | Killed from afar by an orc priest

Illustrated notes

Levels and vault maps discovered:
D:1:      dpeg_arrival_brainrot, layout_loops_ring
D:2:      layout_basic, serial_shops, shop, shop, uniq_terence
D:3:      layout_basic, minmay_misc_feat_nine_boxes, dreamdust_mushroom_princess

Skill      XL: |  1  2  3  4 |
---------------+-------------+-----
Invocations    | 1 |  1.3
Short Blades   | 1 |  1.2
Long Blades    | 1 |  1.2
Maces & Flails | 1 |  1.2
Polearms       | 1 |  1.2
Staves         | 1 |  1.2
Ranged Weapons | 1 |  1.2
Armour         | 1 |  1.2
Stealth        | 1 |  1.2
Shields        | 1 |  1.2
Unarmed Combat | 1 |  1.2
Spellcasting   | 3 |  3.0
Evocations     | 1 |  1.2
Conjurations   | 1 |  1.0
Hexes          | 1 |  1.0
Necromancy     | 1 |  1.0
Translocations | 1 |  1.0
Transmutations | 1 |  1.0
Fire Magic     | 1 |  1.0
Ice Magic      | 1 |  1.0
Air Magic      | 1 |  1.0
Earth Magic    | 1 |  1.0
Poison Magic   | 1 |  1.0
Fighting       | |  2.8
Axes           | |  2.8
Throwing       | |  2.8
Dodging        | |  6.6
Summonings     | |  5.5

Action                     |  1- 3 |  4- 6 || total
---------------------------+-------+-------++-------
  Melee: Hand axe          |    82 |    44 ||   126
         Bite              |     7 |     2 ||     9
   Cast: Summon Small Mamm |    33 |    11 ||    44
   Stab: Distracted        |     1 |       ||     1
 Armour: Leather armour    |    32 |    14 ||    46
  Dodge: Dodged            |    79 |    57 ||   136
